 Dungeon Crawl Stone Soup version 0.19.0 (webtiles) character file.

492 bombasticus the Slasher (level 6, -1/56 HPs)
             Began as a Minotaur Berserker on Nov 15, 2016.
             Was a Priest of Trog.
             Slain by an orc priest
             ... wielding a +0 dagger of speed
              (5 damage)
             ... on level 4 of the Dungeon.
             The game lasted 00:06:20 (2550 turns).

bombasticus the Slasher (Minotaur Berserker)        Turns: 2550, Time: 00:06:20

Health: -1/56      AC:  7    Str: 24    XL:     6   Next: 91%
Magic:  5/5        EV: 11    Int:  4    God:    Trog [***...]
Gold:   121        SH:  0    Dex:  9    Spells: 0 memorised, 5 levels left

rFire  . . .     SeeInvis .     s - +0 dagger (chaos)
rCold  + . .     Gourm    .     n - +0 scale mail
rNeg   . . .     Faith    .     (no shield)
rPois  .         Spirit   .     (helmet restricted)
rElec  .         Reflect  .     (no cloak)
rCorr  .         Harm     .     (no gloves)
MR     .....     Rnd*Tele +     (no boots)
Stlth  ..........               (no amulet)
                                q - ring of teleportation (curse)
                                h - ring of protection from cold

@: exhausted
A: retaliatory headbutt, horns 2
a: Berserk, Trog's Hand, Burn Spellbooks, Renounce Religion


You were on level 4 of the Dungeon.
You worshipped Trog.
Trog was most pleased with you.
You were very hungry.

You visited 1 branch of the dungeon, and saw 4 of its levels.

You collected 121 gold pieces.

Inventory:

Hand Weapons
 a - a +0 falchion
 s - a +0 dagger of chaos (weapon)
 u - a +1 trident of protection
Armour
 b - a +0 animal skin
 f - a +0 ring mail
 n - a +0 scale mail (worn)
Jewellery
 h - a ring of protection from cold (left hand)
 m - an uncursed amulet of the gourmand {unknown}
 q - a cursed ring of teleportation (right hand)
Wands
 o - a wand of polymorph (11/24)
Scrolls
 e - 3 scrolls of identify {unknown}
 i - a scroll of amnesia {unknown}
 j - a scroll of remove curse {unknown}
 p - a scroll of teleportation {unknown}
 r - a scroll of noise {unknown}
Comestibles
 c - 3 bread rations
 d - 3 meat rations
 k - a royal jelly
 t - a chunk of flesh


   Skills:
 + Level 5.3 Fighting
 + Level 1.8(4.0) Short Blades
 + Level 6.2(6.4) Long Blades
 + Level 4.8 Armour
 + Level 3.5 Dodging
 + Level 0.1 Stealth


You had 5 spell levels left.
You didn't know any spells.

Dungeon Overview and Level Annotations

Branches:
Dungeon (4/15)
 Temple: D:4-7

Altars:
Gozag
Kikubaaqudgha
Vehumet
Xom

Annotations:
D:1 1 runed door


Innate Abilities, Weirdness & Mutations

You reflexively headbutt those who attack you in melee.
You have a pair of horns on your head.


Message History

Something hits you but does no damage.
You hear something mumble some strange prayers to Beogh against you.
Something tries to affect you, but you resist.
You see here an orc corpse.
You hit something but do no damage. Something hits you.
* * * LOW HITPOINT WARNING * * *
Something hits you.
* * * LOW HITPOINT WARNING * * *
You closely miss something. Something hits you but does no damage.
You closely miss something.
Something hits you but does no damage. x2
It was a potion of might.
You feel very mighty all of a sudden. Something hits you.
* * * LOW HITPOINT WARNING * * *
It was a potion of cancellation.
Your magical effects are unravelling.
You feel magically purged.
You feel yourself speed up.
You feel a little less mighty now. Something hits you.
You die...

#............#
######..##.##.#
#. ..#.....# #
#.##.#.#####
#....#.#..
#......#(#
##....##.#
####.##.#
##.##@# #.).{)#
#######


There were no monsters in sight!

Vanquished Creatures
  3 crimson imps (D:3)
  3 orc wizards (D:4)
  Terence (D:3)
  An iguana (D:4)
  5 worker ants (D:4)
  3 adders
  2 worms
  A dart slug (D:2)
  3 leopard geckos
  An orc (D:4)
  A giant cockroach (D:2)
  2 goblins (D:1)
  8 hobgoblins
  7 kobolds
  3 quokkas
  5 ball pythons
  5 bats
  6 frilled lizards
  A leopard gecko skeleton (D:4)
  A quokka skeleton (D:3)
  5 rats
67 creatures vanquished.

Vanquished Creatures (others)
  An ogre (D:4)
1 creature vanquished.

Grand Total: 68 creatures vanquished

Notes
Turn   | Place    | Note
-------+----------+-------------------------------------------
     0 | D:1      | bombasticus the Minotaur Berserker began the quest for the Orb.
     0 | D:1      | Reached XP level 1. HP: 19/19 MP: 0/0
     0 | D:1      | Noticed a jelly
     1 | D:1      | Found a runed door.
   279 | D:1      | Reached XP level 2. HP: 27/27 MP: 1/1
   977 | D:2      | Found a radiant altar of Vehumet.
   987 | D:2      | Reached XP level 3. HP: 29/33 MP: 2/2
   990 | D:2      | Reached skill level 4 in Long Blades
  1000 | D:2      | Reached ** piety under Trog
  1158 | D:2      | Found an opulent altar of Gozag.
  1278 | D:3      | Reached XP level 4. HP: 41/41 MP: 3/3
  1324 | D:3      | Found a shimmering altar of Xom.
  1407 | D:3      | Reached skill level 5 in Long Blades
  1570 | D:3      | Reached XP level 5. HP: 35/47 MP: 4/4
  1593 | D:3      | Reached skill level 5 in Fighting
  1634 | D:3      | Found an ancient bone altar of Kikubaaqudgha.
  1634 | D:3      | Noticed Terence
  1647 | D:3      | Killed Terence
  1739 | D:4      | Reached skill level 1 in Short Blades
  2073 | D:4      | Reached XP level 6. HP: 34/56 MP: 5/5
  2527 | D:4      | Reached skill level 6 in Long Blades
  2530 | D:4      | Reached *** piety under Trog
  2550 | D:4      | Slain by an orc priest

Skill      XL: |  1  2  3  4  5  6 |
---------------+-------------------+-----
Fighting       | 4 5 |  5.3
Long Blades    | 4 5 6 |  6.2
Dodging        | 3 |  3.5
Armour         | 3 4 |  4.8
Short Blades   | 1 |  1.8
Stealth        | |  0.1

Action                   |  1- 3 |  4- 6 || total
-------------------------+-------+-------++-------
Melee: Falchion          |    65 |    20 ||    85
       Headbutt          |    10 |    27 ||    37
       Dagger            |       |   110 ||   110
Invok: Berserk           |       |     1 ||     1
  Use: Potion            |       |     2 ||     2
  Eat: Chunk             |     1 |     4 ||     5
Armor: Animal skin       |     7 |       ||     7
       Scale mail        |    20 |    59 ||    79
Dodge: Dodged            |    42 |    54 ||    96
       Rpst.: Falchion   |    10 |     1 ||    11
